[Event "LJ Slovak Open 2022"]
[Site "Liptovsky Jan"]
[Date "2022.06.26"]
[Round "6.1"]
[White "Manik, Mikulas"]
[Black "Elias, David"]
[Result "1-0"]
[ECO "B67"]
[WhiteElo "2368"]
[BlackElo "1901"]
[Annotator "RC"]
[PlyCount "59"]
[EventDate "2022.06.23"]
[EventType "swiss"]
[EventCountry "SVK"]
[SourceTitle "playchess.com"]
[Source "ChessBase"]
[SourceQuality "1"]
[TimeControl "3600+30"]

1. e4 c5 2. Nf3 d6 3. d4 cxd4 4. Nxd4 Nf6 5. Nc3 Nc6 6. Bg5 e6 7. Qd2 a6 8. O-O-O Bd7 9. f3 Be7 10. h4 Nxd4 11. Qxd4 b5 12. Kb1 Qc7 13. Be3 Rb8 14. g4 Bc6 15. g5 e5 16. Qa7 Rb7 17. Qa8+ Rb8 18. Qxa6 Nd7 19. Nxb5 Bxb5 20. Bxb5 O-O 21. Qc6 Qa5 22. a4 Nb6 23. Qc7 Rfc8 24. Bxb6 Qxb6 25. Qxe7 Qc5 26. c3 Rb6 27. Rd3 g6 28. Rhd1 Qf2 29. Rxd6 Qxf3 30. Rd8+ 1-0

[Event "LJ Slovak Open 2022"]
[Site "Liptovsky Jan"]
[Date "2022.06.26"]
[Round "6.2"]
[White "Holly, Andrej"]
[Black "Skreko, Igor"]
[Result "0-1"]
[ECO "B92"]
[WhiteElo "2214"]
[BlackElo "2065"]
[Annotator "RC"]
[PlyCount "70"]
[EventDate "2022.06.23"]
[EventType "swiss"]
[EventCountry "SVK"]
[SourceTitle "playchess.com"]
[Source "ChessBase"]
[SourceQuality "1"]
[TimeControl "3600+30"]

1. e4 c5 2. Nf3 d6 3. d4 cxd4 4. Nxd4 Nf6 5. Nc3 a6 6. Be2 e5 7. Nb3 Be6 8. Nd5 Nxd5 9. exd5 Bf5 10. Be3 Be7 11. Qd2 Nd7 12. g4 Bg6 13. h4 h5 14. gxh5 Bxh5 15. Bxh5 Rxh5 16. O-O-O Qc7 17. Rhg1 g6 18. Bg5 Bxg5 19. hxg5 O-O-O 20. Rg3 Kb8 21. Rf3 Rf8 22. Na5 Rh4 23. a3 Nc5 24. Re3 Rc8 25. f3 Rd4 26. Qc3 Qd8 27. Rxd4 exd4 28. Qxd4 Qxa5 29. b4 Qa4 30. Qb2 Nd7 31. f4 Nb6 32. Re7 Nc4 33. Qb3 Qxb3 34. cxb3 Nb6+ 35. Kd2 Rc7 0-1

[Event "LJ Slovak Open 2022"]
[Site "Liptovsky Jan"]
[Date "2022.06.26"]
[Round "6.3"]
[White "Karas, Marek"]
[Black "Wisniewski, Michal"]
[Result "1/2-1/2"]
[ECO "A43"]
[WhiteElo "2292"]
[BlackElo "2073"]
[Annotator "TA"]
[PlyCount "27"]
[EventDate "2022.06.23"]
[EventType "swiss"]
[EventCountry "SVK"]
[SourceTitle "playchess.com"]
[Source "ChessBase"]
[SourceQuality "1"]
[TimeControl "3600+30"]

1. d4 Nf6 2. Nf3 c5 3. d5 b5 4. Bg5 Qb6 5. Bxf6 gxf6 6. e4 {[%emt 0:00:30] A43: Schmid Benoni.} d6 7. a4 bxa4 {[%emt 0:05:18] [#]} 8. Nc3 $146 {[%emt 0:05:00] White is slightly better.} ({Predecessor:} 8. Ra2 f5 9. e5 dxe5 10. Nxe5 Bg7 11. Nc4 Qf6 12. Be2 Bb7 13. O-O O-O 14. Na5 {1-0 (78) Naumkin,I (2446)-Messina,E (1976) Gallipoli 2001}) 8... Bd7 {[%emt 0:02:49] Against Bb5} ({Of course not} 8... Qxb2 9. Nxa4 (9. Bb5+ $2 Kd8 $19) 9... Qb4+ 10. Nd2 $15) 9. Nxa4 Bxa4 ({Black should try} 9... Qb4+ 10. c3 (10. Nc3 Qxb2 11. Ne2 Bh6 $15) 10... Qxe4+ 11. Be2 Na6) 10. Rxa4 $16 Qxb2 {[%emt 0:00:13] [#]} 11. Bd3 $1 Qc3+ 12. Qd2 ({White should play} 12. Kf1 $18 {Strongly threatening Qb1.} Qb2 13. g3) 12... Qxd2+ 13. Nxd2 Bh6 14. O-O $2 {[%emt 0:08:21][%mdl 40960] Weighted Error Value: White=0.13 (very precise) /Black=0.24 (precise) . An unexpected result.} 1/2-1/2

[Event "LJ Slovak Open 2022"]
[Site "Liptovsky Jan"]
[Date "2022.06.26"]
[Round "6.5"]
[White "Vilimek, Vit"]
[Black "Varga, Lukas"]
[Result "0-1"]
[ECO "B20"]
[WhiteElo "1972"]
[BlackElo "2136"]
[Annotator "NA RC"]
[PlyCount "200"]
[EventDate "2022.06.23"]
[EventType "swiss"]
[EventCountry "SVK"]
[SourceTitle "playchess.com"]
[Source "ChessBase"]
[SourceQuality "1"]
[TimeControl "3600+30"]

1. e4 c5 2. b4 cxb4 3. a3 d5 4. exd5 Qxd5 5. Nf3 e5 6. c4 bxc3 7. Nxc3 Qa5 8. Bc4 Nc6 9. O-O Bd6 10. Qb3 Nh6 11. Ne4 Be7 12. d4 Qb6 13. Qxb6 axb6 14. d5 Nd4 15. Nxe5 b5 16. Ba2 Ne2+ 17. Kh1 Nxc1 18. Raxc1 Bxa3 19. d6 Bxc1 20. Rxc1 f6 21. Rxc8+ Rxc8 22. d7+ Ke7 23. dxc8=Q Rxc8 24. Nd3 f5 25. Ng3 Ra8 26. Nc1 Rc8 27. Nge2 Ng4 28. Kg1 Kd6 29. f3 Ne3 30. Bb3 Nd5 31. Na2 Kc5 32. Kf2 Ra8 33. Kg3 Ra3 34. Nac1 Nb4 35. Kf4 g6 36. h4 Nc6 37. Nd3+ Kd6 38. Nec1 Nd4 39. Bg8 h6 40. Ke3 Nc6 41. Kd2 Ne5 42. Bb3 Nc4+ 43. Kc3 Ne3 44. Kb4 Ra8 45. g3 Nf1 46. Ne2 Re8 47. Nd4 Nxg3 48. Nf4 Ke5 49. Nfe6 f4 50. Kxb5 Rh8 51. Kb6 Nf5 52. Nxf5 Kxf5 53. Nc5 Re8 54. Bc2+ Kf6 55. Ne4+ Ke5 56. Nf2 h5 57. Nd3+ Kf5 58. Nf2+ Kf6 59. Ne4+ Kg7 60. Kxb7 Rd8 61. Kc7 Rd4 62. Bb1 Rd1 63. Ba2 Rh1 64. Kd6 Rxh4 65. Ke5 Kh6 66. Be6 Rh1 67. Kxf4 Ra1 68. Ke5 h4 69. Bg4 Ra3 70. Kf4 Ra5 71. Be6 g5+ 72. Kg4 Ra1 73. Bf5 Rg1+ 74. Kh3 Rf1 75. Kg2 Ra1 76. Nf6 Kg7 77. Ng4 Ra2+ 78. Kh3 Ra3 79. Be4 Ra1 80. Ne3 Rh1+ 81. Kg2 Re1 82. Kf2 Ra1 83. Nc2 Ra2 84. Kg2 Kf6 85. Kh3 Ke5 86. Nb4 Ra1 87. Nd3+ Kd4 88. Nf2 Rg1 89. Kh2 Ra1 90. Nh3 Ra5 91. Kg2 Ra2+ 92. Kf1 g4 93. Nf2 g3 94. Nh3 Ke3 95. Bb7 Rh2 96. Ng5 h3 97. Kg1 Rg2+ 98. Kf1 Rf2+ 99. Ke1 h2 100. f4 g2 0-1

[Event "LJ Slovak Open 2022"]
[Site "Liptovsky Jan"]
[Date "2022.06.26"]
[Round "6.6"]
[White "Spik, Peter"]
[Black "Janousek, Petr"]
[Result "1/2-1/2"]
[ECO "A84"]
[WhiteElo "1969"]
[BlackElo "2099"]
[Annotator "NA RC"]
[PlyCount "66"]
[EventDate "2022.06.23"]
[EventType "swiss"]
[EventCountry "SVK"]
[SourceTitle "playchess.com"]
[Source "ChessBase"]
[SourceQuality "1"]
[TimeControl "3600+30"]

1. d4 e6 2. Nf3 f5 3. c4 Nf6 4. Nc3 Bb4 5. Bd2 b6 6. g3 Bb7 7. Bg2 O-O 8. O-O Bxc3 9. Bxc3 Ne4 10. Bb4 d6 11. b3 Nd7 12. Ba3 Ndf6 13. Qc2 Qe8 14. Nd2 Qh5 15. f3 Nxd2 16. Qxd2 Rad8 17. Rad1 Rfe8 18. Bb2 Qg6 19. Qf4 Nd7 20. Qh4 Qf6 21. Qxf6 Nxf6 22. Rfe1 Nd7 23. e3 a5 24. e4 fxe4 25. fxe4 e5 26. dxe5 Nxe5 27. Rd2 Ra8 28. Rf1 Re7 29. Rf5 Rae8 30. Bxe5 Rxe5 31. Rxe5 Rxe5 32. Re2 Bc8 33. Kf2 Kf7 1/2-1/2

[Event "LJ Slovak Open 2022"]
[Site "Liptovsky Jan"]
[Date "2022.06.26"]
[Round "6.7"]
[White "Rucek, Peter"]
[Black "Zetocha, Adrian"]
[Result "1/2-1/2"]
[ECO "E15"]
[WhiteElo "1899"]
[BlackElo "2331"]
[Annotator "RC"]
[PlyCount "69"]
[EventDate "2022.06.23"]
[EventType "swiss"]
[EventCountry "SVK"]
[SourceTitle "playchess.com"]
[Source "ChessBase"]
[SourceQuality "1"]
[TimeControl "3600+30"]

1. d4 Nf6 2. c4 e6 3. Nf3 b6 4. g3 Ba6 5. b3 Bb4+ 6. Bd2 Be7 7. Nc3 O-O 8. e4 d5 9. cxd5 Bxf1 10. Kxf1 exd5 11. e5 Ne4 12. Kg2 c5 13. Re1 f5 14. exf6 Bxf6 15. Nxe4 dxe4 16. Rxe4 Qd5 17. Qe2 Nc6 18. Bc3 Rad8 19. Rd1 Nxd4 20. Bxd4 cxd4 21. Qc4 Qxc4 22. bxc4 Rd6 23. Rd3 Rc8 24. Nd2 a6 25. Re2 Rdc6 26. Ne4 Rxc4 27. Nxf6+ gxf6 28. Re6 Rb4 29. Rd6 Kf7 30. Rf3 d3 31. Rfxf6+ Ke7 32. Rfe6+ Kf7 33. Rf6+ Ke7 34. Rfe6+ Kf7 35. Rf6+ 1/2-1/2

[Event "LJ Slovak Open 2022"]
[Site "Liptovsky Jan"]
[Date "2022.06.26"]
[Round "6.8"]
[White "Rucek, Kristian"]
[Black "Smusz, Kamil"]
[Result "1/2-1/2"]
[ECO "D43"]
[WhiteElo "2128"]
[BlackElo "1881"]
[Annotator "RC"]
[PlyCount "65"]
[EventDate "2022.06.23"]
[EventType "swiss"]
[EventCountry "SVK"]
[SourceTitle "playchess.com"]
[Source "ChessBase"]
[SourceQuality "1"]
[TimeControl "3600+30"]

1. d4 d5 2. c4 c6 3. Nc3 Nf6 4. Nf3 a6 5. Qd3 dxc4 6. Qxc4 b5 7. Qd3 e6 8. g4 c5 9. g5 cxd4 10. gxf6 dxc3 11. Qxc3 gxf6 12. Bf4 Bb7 13. Rd1 Nd7 14. Rg1 Rc8 15. Qd3 Bb4+ 16. Bd2 Qe7 17. Bh3 Bxf3 18. exf3 Ne5 19. Qb3 Bxd2+ 20. Kxd2 Qc5 21. Ke1 Qc4 22. Qe3 Ke7 23. f4 Ng6 24. f5 Nf4 25. fxe6 Nxe6 26. Rg4 Qc5 27. Qf3 Rhd8 28. Rxd8 Rxd8 29. Kf1 Ng5 30. Qb7+ Kf8 31. Rg3 Rd1+ 32. Kg2 Qc4 33. Qc8+ 1/2-1/2

[Event "LJ Slovak Open 2022"]
[Site "Liptovsky Jan"]
[Date "2022.06.26"]
[Round "6.9"]
[White "Borsos, Bogdan"]
[Black "Ziaran, Viliam"]
[Result "1-0"]
[ECO "E08"]
[WhiteElo "2200"]
[BlackElo "1832"]
[Annotator "ChessBase"]
[PlyCount "77"]
[EventDate "2022.06.23"]
[EventType "swiss"]
[EventCountry "SVK"]
[SourceTitle "playchess.com"]
[Source "ChessBase"]
[SourceQuality "1"]
[TimeControl "3600+30"]

1. Nf3 d5 2. c4 e6 3. g3 c6 4. d4 Nf6 5. Bg2 Nbd7 6. O-O Be7 7. Nc3 O-O 8. Nd2 b6 9. e4 dxe4 10. Ndxe4 Bb7 11. Qc2 h6 12. Rd1 Rc8 13. Bf4 Nxe4 14. Nxe4 Nf6 15. c5 Ne8 16. b4 g5 17. Be3 Nf6 18. Qe2 Nd5 19. Bd2 Kg7 20. Rab1 Qd7 21. a4 f5 22. Nc3 Bf6 23. Qd3 Rcd8 24. Nxd5 exd5 25. Re1 Rfe8 26. cxb6 axb6 27. a5 bxa5 28. bxa5 Rxe1+ 29. Rxe1 Ra8 30. Bh3 g4 31. Bf1 Kg6 32. h4 Ba6 33. Qe3 Qg7 34. Qe6 Bxf1 35. Kxf1 Ra6 36. h5+ Kxh5 37. Qxf5+ Bg5 38. Kg2 Qxd4 39. Rh1# 1-0

[Event "LJ Slovak Open 2022"]
[Site "Liptovsky Jan"]
[Date "2022.06.26"]
[Round "6.10"]
[White "Bombek, Peter"]
[Black "Smetana, Peter"]
[Result "1-0"]
[ECO "A45"]
[WhiteElo "2111"]
[BlackElo "1740"]
[Annotator "NA RC"]
[PlyCount "26"]
[EventDate "2022.06.23"]
[EventType "swiss"]
[EventCountry "SVK"]
[SourceTitle "playchess.com"]
[Source "ChessBase"]
[SourceQuality "1"]
[TimeControl "3600+30"]

1. d4 Nf6 2. Bg5 e6 3. e4 h6 4. Bxf6 Qxf6 5. c3 d5 6. Nd2 c5 7. Qf3 Qxf3 8. Ngxf3 dxe4 9. Nxe4 cxd4 10. Nxd4 a6 11. f4 Bd7 12. Be2 Nc6 13. Nb3 Be7 1-0

[Event "LJ Slovak Open 2022"]
[Site "Liptovsky Jan"]
[Date "2022.06.26"]
[Round "6.11"]
[White "Hurtuk, Radovan"]
[Black "Mirowska, Oliwia"]
[Result "1-0"]
[ECO "B01"]
[WhiteElo "2057"]
[BlackElo "1746"]
[Annotator "NA RC"]
[PlyCount "73"]
[EventDate "2022.06.23"]
[EventType "swiss"]
[EventCountry "SVK"]
[SourceTitle "playchess.com"]
[Source "ChessBase"]
[SourceQuality "1"]
[TimeControl "3600+30"]

1. e4 d5 2. exd5 Nf6 3. d4 Nxd5 4. Nf3 g6 5. c4 Nf6 6. Nc3 Bg7 7. Be2 O-O 8. O-O c6 9. Bg5 Na6 10. Qd2 Bf5 11. Bh6 Qd7 12. Rad1 Rad8 13. a3 Nc7 14. Bxg7 Kxg7 15. Ne5 Qc8 16. Rfe1 Ne6 17. Qe3 c5 18. d5 Nd4 19. Rxd4 cxd4 20. Qxd4 h5 21. Qxa7 Nd7 22. Qd4 Kh7 23. Nf3 Nf6 24. b4 Qa8 25. a4 Rfe8 26. a5 Qb8 27. c5 e5 28. Qd2 Kg7 29. d6 Bg4 30. h3 e4 31. Nd4 e3 32. fxe3 Bxe2 33. Rxe2 Qc8 34. e4 Nd7 35. Nf3 Qc6 36. Qd4+ Kg8 37. Nd5 1-0

[Event "LJ Slovak Open 2022"]
[Site "Liptovsky Jan"]
[Date "2022.06.26"]
[Round "6.12"]
[White "Macka, Oto"]
[Black "Krestian, Darius"]
[Result "1-0"]
[ECO "A57"]
[WhiteElo "2026"]
[BlackElo "1659"]
[Annotator "NA RC"]
[PlyCount "41"]
[EventDate "2022.06.23"]
[EventType "swiss"]
[EventCountry "SVK"]
[SourceTitle "playchess.com"]
[Source "ChessBase"]
[SourceQuality "1"]
[TimeControl "3600+30"]

1. d4 Nf6 2. c4 c5 3. d5 b5 4. cxb5 a6 5. b6 Qxb6 6. Nc3 d6 7. e4 g6 8. a4 Bg7 9. a5 Qc7 10. Be2 O-O 11. Nf3 h6 12. Nd2 e6 13. O-O exd5 14. exd5 Bb7 15. Nc4 Nbd7 16. Bf4 Ne8 17. h4 Ne5 18. Bf3 Qe7 19. Qe2 Nc7 20. g3 h5 21. Kg2 1-0

[Event "LJ Slovak Open 2022"]
[Site "Liptovsky Jan"]
[Date "2022.06.26"]
[Round "6.13"]
[White "Freibergs, Andrejs"]
[Black "Giertli, Vladimir"]
[Result "0-1"]
[ECO "C41"]
[WhiteElo "1526"]
[BlackElo "1988"]
[Annotator "NA RC"]
[PlyCount "90"]
[EventDate "2022.06.23"]
[EventType "swiss"]
[EventCountry "SVK"]
[SourceTitle "playchess.com"]
[Source "ChessBase"]
[SourceQuality "1"]
[TimeControl "3600+30"]

1. e4 d6 2. d4 Nf6 3. Nc3 Nbd7 4. Nf3 e5 5. dxe5 dxe5 6. Bg5 c6 7. Bc4 Qc7 8. a3 h6 9. Be3 g5 10. b4 Rg8 11. Qd3 a5 12. b5 Nc5 13. Bxc5 Bxc5 14. Rd1 Bg4 15. Na4 cxb5 16. Bxb5+ Kf8 17. Nxc5 Qxc5 18. h3 Bh5 19. a4 Kg7 20. O-O Rad8 21. Qe2 g4 22. Rxd8 Rxd8 23. hxg4 Bxg4 24. Qc4 Qe7 25. Qc3 Bxf3 26. Qxf3 Rd4 27. Re1 Qd6 28. c3 Rd2 29. Re3 Rd1+ 30. Kh2 h5 31. Qf5 Ng4+ 32. Kg3 Nxe3 33. fxe3 Qg6+ 34. Kf3 Qf6 35. g3 Rd2 36. g4 hxg4+ 37. Kxg4 Qg6+ 38. Qxg6+ fxg6 39. Kf3 Kf6 40. Kg4 Rc2 41. c4 Rc1 42. Kf3 Kg5 43. Kg3 Rc2 44. Kf3 Kh4 45. c5 Rxc5 0-1

[Event "LJ Slovak Open 2022"]
[Site "Liptovsky Jan"]
[Date "2022.06.26"]
[Round "6.14"]
[White "Bakalar, Jan"]
[Black "Szaszak, Robert"]
[Result "1/2-1/2"]
[ECO "C64"]
[WhiteElo "1916"]
[BlackElo "1717"]
[Annotator "NA RC"]
[PlyCount "41"]
[EventDate "2022.06.23"]
[EventType "swiss"]
[EventCountry "SVK"]
[SourceTitle "playchess.com"]
[Source "ChessBase"]
[SourceQuality "1"]
[TimeControl "3600+30"]

1. e4 e5 2. Nf3 Nc6 3. Bb5 Bc5 4. d3 d6 5. c3 Bd7 6. Nbd2 h6 7. b4 Bb6 8. Nc4 Nce7 9. Nxb6 axb6 10. Bc4 Nf6 11. Bb3 Ng6 12. O-O Qc8 13. Ne1 Nh4 14. f3 c5 15. g3 Ng6 16. Bb2 h5 17. h4 Be6 18. Ng2 d5 19. Kf2 O-O 20. a3 Rd8 21. Qc1 1/2-1/2

[Event "LJ Slovak Open 2022"]
[Site "Liptovsky Jan"]
[Date "2022.06.26"]
[Round "6.15"]
[White "Kulich, Filip"]
[Black "Podjavorinsky, Michal"]
[Result "0-1"]
[ECO "B22"]
[WhiteElo "1682"]
[BlackElo "1941"]
[Annotator "NA RC"]
[PlyCount "120"]
[EventDate "2022.06.23"]
[EventType "swiss"]
[EventCountry "SVK"]
[SourceTitle "playchess.com"]
[Source "ChessBase"]
[SourceQuality "1"]
[TimeControl "3600+30"]

1. e4 c5 2. Nf3 e6 3. c3 Nf6 4. e5 Nd5 5. d4 cxd4 6. cxd4 d6 7. Bc4 Be7 8. O-O O-O 9. Nc3 Nxc3 10. bxc3 Nc6 11. exd6 Qxd6 12. Qc2 b6 13. a4 Bb7 14. Bd3 h6 15. Rd1 Rac8 16. Qb1 Na5 17. Ne5 Qd5 18. f3 Rxc3 19. Kh1 Rd8 20. Bh7+ Kf8 21. Be4 Qxe5 22. Bb2 Qc7 23. Bxc3 Qxc3 24. Bxb7 Nxb7 25. Qh7 Bf6 26. Rac1 Rxd4 27. Rg1 Qd2 28. Rc7 Rd7 29. Qh8+ Ke7 30. Rgc1 Nc5 31. Rxd7+ Nxd7 32. Qc8 Nc5 33. Rg1 Be5 34. Qa8 Qf4 35. g3 Qxa4 36. Qc8 Qd7 37. Qh8 Qd3 38. Qa8 Qd7 39. Re1 Bf6 40. Rf1 Qb7 41. Qh8 a5 42. Kg2 a4 43. Rd1 Nd7 44. Qh7 Ne5 45. Rf1 Ng6 46. h4 Qd5 47. Rb1 Qf5 48. Qg8 Qxb1 49. Qc8 Qa2+ 50. Kh3 Qd5 51. Qc7+ Qd7 52. Qxb6 Kf8 53. h5 e5+ 54. Kg2 Ne7 55. Qb8+ Nc8 56. Qb4+ Be7 57. Qa5 a3 58. g4 e4 59. Kf2 Qa7+ 60. Qxa7 Nxa7 0-1

[Event "LJ Slovak Open 2022"]
[Site "Liptovsky Jan"]
[Date "2022.06.26"]
[Round "6.16"]
[White "Kukan, Michal"]
[Black "Kasperek, Ryszard"]
[Result "0-1"]
[ECO "A23"]
[WhiteElo "1767"]
[BlackElo "2068"]
[Annotator "NA RC"]
[PlyCount "108"]
[EventDate "2022.06.23"]
[EventType "swiss"]
[EventCountry "SVK"]
[SourceTitle "playchess.com"]
[Source "ChessBase"]
[SourceQuality "1"]
[TimeControl "3600+30"]

1. c4 e5 2. Nc3 Nf6 3. g3 c6 4. Bg2 d5 5. cxd5 cxd5 6. a3 d4 7. Ne4 Nd5 8. d3 Be7 9. Qb3 Nb6 10. Nd2 O-O 11. Nc4 Nxc4 12. Qxc4 Nc6 13. Bd2 Be6 14. Qb5 a6 15. Qa4 Bd5 16. Bxd5 Qxd5 17. Nf3 b5 18. Qd1 f5 19. O-O e4 20. Ne1 Ne5 21. Bf4 Ng6 22. dxe4 fxe4 23. Be3 Rad8 24. Bc1 h5 25. h3 Qe6 26. Kh2 Bd6 27. Ng2 h4 28. Bg5 hxg3+ 29. fxg3 Bxg3+ 30. Kxg3 Qe5+ 31. Bf4 Nxf4 32. Nxf4 Qg5+ 33. Kh2 Rxf4 34. Qb3+ Kh7 35. Qg3 Qxg3+ 36. Kxg3 Rxf1 37. Rxf1 Kg6 38. Kg4 d3 39. exd3 exd3 40. Rd1 d2 41. Kf3 Kh5 42. Ke2 Kh4 43. b3 g5 44. Rxd2 Rxd2+ 45. Kxd2 Kxh3 46. Kc3 g4 47. Kb4 g3 48. Ka5 g2 49. Kxa6 g1=Q 50. Kxb5 Qf1+ 51. Ka4 Qa6+ 52. Kb4 Kg4 53. a4 Kf5 54. Kc5 Qa5+ 0-1

[Event "LJ Slovak Open 2022"]
[Site "Liptovsky Jan"]
[Date "2022.06.26"]
[Round "6.17"]
[White "Gollner, Martin"]
[Black "Chlpek, Daniel"]
[Result "0-1"]
[ECO "B60"]
[WhiteElo "1585"]
[BlackElo "2030"]
[Annotator "NA RC"]
[PlyCount "81"]
[EventDate "2022.06.23"]
[EventType "swiss"]
[EventCountry "SVK"]
[SourceTitle "playchess.com"]
[Source "ChessBase"]
[SourceQuality "1"]
[TimeControl "3600+30"]

1. e4 c5 2. Nf3 Nc6 3. d4 cxd4 4. Nxd4 Nf6 5. Nc3 d6 6. Bg5 g6 7. Bxf6 exf6 8. Bc4 Bg7 9. Ndb5 O-O 10. Qxd6 f5 11. O-O-O Qb6 12. f3 fxe4 13. fxe4 Be5 14. Qd3 a6 15. Nd5 Qa5 16. Nbc3 b5 17. Bb3 Be6 18. h4 h5 19. Rdf1 Kg7 20. Kb1 Rad8 21. Qe3 Nd4 22. Rfg1 Nxb3 23. cxb3 b4 24. Na4 Bxd5 25. exd5 Qxd5 26. Rd1 Qe6 27. Rde1 Rfe8 28. Qc5 Qf5+ 29. Ka1 Rd2 30. Qxb4 Qc2 31. Rb1 Rc8 32. Qa5 Bf6 33. Qxa6 Rc6 34. Qf1 Rxg2 35. Qd1 Qe4 36. Rc1 Ra6 37. Rc4 Qa8 38. Rf1 Re6 39. Re1 Qd8 40. Rc1 Rd2 41. Qf3 0-1

[Event "LJ Slovak Open 2022"]
[Site "Liptovsky Jan"]
[Date "2022.06.26"]
[Round "6.18"]
[White "Verba, Vladimir"]
[Black "Ambrozi, Peter"]
[Result "1-0"]
[ECO "B25"]
[WhiteElo "1786"]
[BlackElo "1994"]
[Annotator "NA RC"]
[PlyCount "63"]
[EventDate "2022.06.23"]
[EventType "swiss"]
[EventCountry "SVK"]
[SourceTitle "playchess.com"]
[Source "ChessBase"]
[SourceQuality "1"]
[TimeControl "3600+30"]

1. e4 c5 2. Nc3 Nc6 3. g3 g6 4. Bg2 Bg7 5. f4 d6 6. d3 e6 7. Nf3 Nge7 8. O-O O-O 9. Be3 Nd4 10. e5 Nef5 11. Bf2 Nxf3+ 12. Qxf3 Nd4 13. Qd1 dxe5 14. fxe5 Rb8 15. Ne4 b6 16. Nf6+ Kh8 17. c3 Nf5 18. g4 Ne7 19. Bh4 h6 20. Be4 Bb7 21. Qf3 Bxe4 22. dxe4 Qc7 23. Rad1 Rbd8 24. g5 Rxd1 25. Rxd1 Rd8 26. Rd6 Rxd6 27. exd6 Qxd6 28. Ne8 Qe5 29. gxh6 g5 30. hxg7+ Kg8 31. Qh5 Ng6 32. Bxg5 1-0

[Event "LJ Slovak Open 2022"]
[Site "Liptovsky Jan"]
[Date "2022.06.26"]
[Round "6.19"]
[White "Kolesar, Peter"]
[Black "Koska, Jiri"]
[Result "1/2-1/2"]
[ECO "B06"]
[WhiteElo "1969"]
[BlackElo "1759"]
[Annotator "NA RC"]
[PlyCount "51"]
[EventDate "2022.06.23"]
[EventType "swiss"]
[EventCountry "SVK"]
[SourceTitle "playchess.com"]
[Source "ChessBase"]
[SourceQuality "1"]
[TimeControl "3600+30"]

1. e4 c6 2. d4 g6 3. c3 Bg7 4. Bc4 d5 5. exd5 cxd5 6. Bd3 Nc6 7. Ne2 e6 8. Ng3 Qc7 9. Nd2 Nge7 10. Nf3 Bd7 11. Bd2 O-O 12. Qc2 a6 13. O-O f6 14. Ne1 e5 15. dxe5 fxe5 16. f3 Rac8 17. Kh1 Kh8 18. a3 Qb6 19. Bg5 Nf5 20. Nxf5 Bxf5 21. Qd2 e4 22. Be2 exf3 23. Nxf3 d4 24. Rac1 dxc3 25. bxc3 Be4 26. Nh4 1/2-1/2

[Event "LJ Slovak Open 2022"]
[Site "Liptovsky Jan"]
[Date "2022.06.26"]
[Round "6.20"]
[White "Goga, Frantisek"]
[Black "Mrkvik, Jan"]
[Result "0-1"]
[ECO "B12"]
[WhiteElo "1900"]
[BlackElo "1810"]
[Annotator "NA RC"]
[PlyCount "54"]
[EventDate "2022.06.23"]
[EventType "swiss"]
[EventCountry "SVK"]
[SourceTitle "playchess.com"]
[Source "ChessBase"]
[SourceQuality "1"]
[TimeControl "3600+30"]

1. e4 c6 2. d4 d5 3. e5 Bf5 4. Ne2 e6 5. Ng3 Bg6 6. h4 h6 7. h5 Bh7 8. Bd3 Bxd3 9. cxd3 c5 10. dxc5 d4 11. Ne4 Qd5 12. Qb3 Bxc5 13. Nxc5 Qxc5 14. O-O Nc6 15. Qxb7 Rb8 16. Qc7 Nge7 17. Nd2 Qxe5 18. Qxe5 Nxe5 19. Nb3 Nxd3 20. Nxd4 O-O 21. b3 e5 22. Ba3 exd4 23. Rad1 Nb4 24. Rxd4 a5 25. Rd7 Nec6 26. Rc1 Rfd8 27. Rc7 Nd4 0-1

[Event "LJ Slovak Open 2022"]
[Site "Liptovsky Jan"]
[Date "2022.06.26"]
[Round "6.21"]
[White "Rak, Martin"]
[Black "Lis, Maksymilian"]
[Result "1-0"]
[ECO "B01"]
[WhiteElo "1849"]
[BlackElo "1511"]
[Annotator "NA RC"]
[PlyCount "99"]
[EventDate "2022.06.23"]
[EventType "swiss"]
[EventCountry "SVK"]
[SourceTitle "playchess.com"]
[Source "ChessBase"]
[SourceQuality "1"]
[TimeControl "3600+30"]

1. e4 d5 2. exd5 Qxd5 3. Nc3 Qd8 4. Nf3 Nf6 5. Bc4 e6 6. d4 a6 7. O-O b5 8. Bd3 c5 9. dxc5 Bxc5 10. Ne4 Nxe4 11. Bxe4 Qxd1 12. Rxd1 Ra7 13. Bf4 Nd7 14. Ne5 Nxe5 15. Bxe5 f6 16. Bd4 Bxd4 17. Rxd4 Ke7 18. a4 Rd7 19. Rb4 Rhd8 20. Bd3 bxa4 21. Rbxa4 Rd4 22. Kf1 Rxa4 23. Rxa4 Rd6 24. Rg4 Kf7 25. Rc4 Bd7 26. Rc7 Ke8 27. Ra7 Bb5 28. Bxb5+ axb5 29. Rxg7 Rd2 30. Rc7 Kd8 31. Rc3 Ke7 32. Ke1 Rd7 33. Rh3 Ke8 34. Rh6 Rf7 35. Kd2 Kd7 36. Kc3 Kc6 37. Kb4 Kb6 38. f4 Kc6 39. Rh5 f5 40. Rh3 Rd7 41. Rd3 Ra7 42. Ra3 Rd7 43. Ra6+ Kd5 44. Kxb5 Rc7 45. c4+ Kd4 46. Rd6+ Ke4 47. Rxe6+ Kxf4 48. c5 Rg7 49. g3+ Kf3 50. c6 1-0

[Event "LJ Slovak Open 2022"]
[Site "Liptovsky Jan"]
[Date "2022.06.26"]
[Round "6.22"]
[White "Kulich, Daniel"]
[Black "Janik, Marek Tobias"]
[Result "1/2-1/2"]
[ECO "D36"]
[WhiteElo "1648"]
[BlackElo "1840"]
[Annotator "NA RC"]
[PlyCount "79"]
[EventDate "2022.06.23"]
[EventType "swiss"]
[EventCountry "SVK"]
[SourceTitle "playchess.com"]
[Source "ChessBase"]
[SourceQuality "1"]
[TimeControl "3600+30"]

1. d4 d5 2. c4 e6 3. Nc3 Nf6 4. cxd5 exd5 5. Bg5 Nbd7 6. e3 c6 7. Bd3 Bd6 8. Nf3 h6 9. Bh4 O-O 10. O-O Re8 11. Qc2 Qc7 12. a3 a6 13. b4 b5 14. Rfc1 Bb7 15. Bg3 Bxg3 16. hxg3 Qd6 17. Ne2 Ne4 18. Nd2 Ndf6 19. Nc3 Qe6 20. Ncxe4 dxe4 21. Be2 Rac8 22. Nb3 Nd7 23. Qd1 f5 24. Rc3 Qf7 25. Rac1 Nb6 26. Nc5 Nd5 27. R3c2 Qe7 28. Nb3 Rf8 29. Rc5 Rf6 30. Na5 Rd6 31. Qd2 Kh8 32. Bd1 Qd7 33. Bb3 Ne7 34. Qc2 Ba8 35. Qa2 Rf8 36. Qc2 Rc8 37. Qc3 Rd8 38. Qc2 Rc8 39. Ba2 Rd8 40. Bb3 1/2-1/2

[Event "LJ Slovak Open 2022"]
[Site "Liptovsky Jan"]
[Date "2022.06.26"]
[Round "6.23"]
[White "Harvan, Tomas"]
[Black "Miciak, Emanuel"]
[Result "1-0"]
[ECO "C10"]
[WhiteElo "1853"]
[BlackElo "1804"]
[Annotator "NA RC"]
[PlyCount "130"]
[EventDate "2022.06.23"]
[EventType "swiss"]
[EventCountry "SVK"]
[SourceTitle "playchess.com"]
[Source "ChessBase"]
[SourceQuality "1"]
[TimeControl "3600+30"]

1. e4 e6 2. d4 d5 3. Nd2 dxe4 4. Nxe4 Nd7 5. Nf3 Ngf6 6. Nxf6+ Nxf6 7. Bd3 Be7 8. O-O O-O 9. c3 b6 10. Qe2 Bb7 11. Re1 Rc8 12. Bg5 Bxf3 13. Qxf3 Qd5 14. Qxd5 Nxd5 15. Bd2 Bd6 16. g3 c5 17. Ba6 Rc7 18. dxc5 Bxc5 19. c4 Nb4 20. Bxb4 Bxb4 21. Red1 Be7 22. Rd3 Rd8 23. Rxd8+ Bxd8 24. Rd1 Bf6 25. Rd3 Kf8 26. b4 Be7 27. a3 e5 28. Rd5 f6 29. Kf1 Kf7 30. Ke2 Ke6 31. Ke3 Bd6 32. Rd1 Ke7 33. Ke4 Rd7 34. Bb5 Rd8 35. Bc6 Rc8 36. Bd5 Rd8 37. Rb1 Rc8 38. a4 Rb8 39. Rb3 Bc7 40. c5 bxc5 41. bxc5 Rxb3 42. Bxb3 Ba5 43. Bg8 Bb4 44. Kd5 h6 45. Kc6 g5 46. Kb5 Be1 47. f3 Bf2 48. a5 Kd7 49. Bd5 Kc7 50. Be4 Be1 51. g4 Bc3 52. Ka6 Bb4 53. Kb5 Bc3 54. a6 Bd4 55. Kc4 Kd7 56. Kd5 Ke7 57. Bf5 Bf2 58. c6 Bb6 59. Bd7 Bc7 60. Ke4 Kf7 61. h3 Kg6 62. Be8+ Kg7 63. Kf5 Kf8 64. Bd7 Kf7 65. Be6+ Kg7 1-0